 Dungeon Crawl Stone Soup version 0.22-b1-26-g9dbaab1 (webtiles) character file.

87 Goblin1989 the Firebug (level 4, -3/30 HPs)
             Began as a Demonspawn Fire Elementalist on Aug 7, 2018.
             Was an Initiate of Qazlal.
             Slain by Sigmund
             ... wielding a +1 scythe of slicing
              (12 damage)
             ... on level 3 of the Dungeon.
             The game lasted 00:05:07 (1891 turns).

Goblin1989 the Firebug (DsFE)                       Turns: 1891, Time: 00:05:07

Health: -3/30      AC:  4    Str:  9    XL:     4   Next: 28%
Magic:  1/7        EV: 16    Int: 17    God:    Qazlal [......]
Gold:   165        SH:  0    Dex: 13    Spells: 7/8 levels left

rFire    . . .     SeeInvis .   r - +0 hand axe
rCold    . . .     Gourm    .   (no shield)
rNeg     . . .     Faith    .   a - +0 robe
rPois    .         Spirit   .   (helmet restricted)
rElec    .         Reflect  .   (no cloak)
rCorr    +         Harm     .   (no gloves)
MR       .....                  (no boots)
Stlth    ++........             (no amulet)
HPRegen  0.10/turn              p - +4 ring of evasion
MPRegen  0.10/turn              g - ring of resist corrosion

@: very slightly contaminated
A: antennae 1, slimy green scales 1, demonic guardian 1
a: Renounce Religion


You were on level 3 of the Dungeon.
You worshipped Qazlal.
Qazlal was noncommittal.
You were not hungry.

You visited 1 branch of the dungeon, and saw 3 of its levels.

You collected 165 gold pieces.

Inventory:

Hand Weapons
 l - a +0 short sword
 r - a +0 hand axe (weapon)
Missiles
 j - 8 javelins {@Q2}
 q - 37 stones (quivered) {@Q3}
Armour
 a - a +0 robe (worn)
 u - a +0 ring mail
Jewellery
 g - a ring of resist corrosion (right hand)
 p - a +4 ring of evasion (left hand)
Scrolls
 f - 3 scrolls of teleportation {unknown}
 i - 3 scrolls of remove curse {unknown}
 m - a scroll of magic mapping {unknown}
 o - 2 scrolls of identify {unknown}
 s - 2 scrolls of amnesia {unknown}
 x - a scroll of noise {unknown}
Potions
 k - 2 potions of agility {unknown}
 t - a potion of invisibility {unknown}
 v - a potion of heal wounds {@q2}
Comestibles
 e - 3 rations
 w - 2 chunks of flesh


   Skills:
 + Level 0.7 Axes
 - Level 1.7 Dodging
 - Level 1.7 Stealth
 - Level 2.5 Spellcasting
 - Level 2.5 Conjurations
 - Level 3.5 Fire Magic


You had 7 spell levels left.
You knew the following spells:

 Your Spells              Type           Power        Failure   Level  Hunger
a - Flame Tongue          Conj/Fire      ##...        5%          1    #......

Your spell library contained the following spells:

 Spells                   Type           Power        Failure   Level  Hunger
 Fireball                 Conj/Fire      ##........   82%         5    ######.
 Conjure Flame            Conj/Fire      ##......     16%         3    ###....
 Throw Flame              Conj/Fire      ##....       8%          2    ##.....
 Sticky Flame             Conj/Fire      ##......     45%         4    #####..
 Inner Flame              Hex/Fire       #.......     26%         3    ###....


Dungeon Overview and Level Annotations

Branches:
Dungeon (3/15)

Altars:
Gozag
Makhleb
Qazlal
Zin

Annotations:
D:3 Sigmund


Innate Abilities, Weirdness & Mutations

You have a pair of small antennae on your head.
You are partially covered in slimy green scales. (AC +2)
A weak demonic guardian rushes to your aid.


Message History

Sigmund the Dreaded comes into view.
He is wielding a scythe of slicing.
Unknown command.
Sigmund casts a spell at you. The puff of flame hits your ufetubus.
Your ufetubus is burned terribly!
Your ufetubus dies!
Casting: Flame Tongue (safe; 5% risk of failure)
Confirm with . or Enter, or press ? or * to list all spells.
You can't see any susceptible monsters within range! (Use Z to cast anyway.)
Casting: Flame Tongue (safe; 5% risk of failure)
Confirm with . or Enter, or press ? or * to list all spells.
Aiming: Flame Tongue (safe; 5% risk of failure)
Press: ? - help, Shift-Dir - straight line, f - Sigmund
Aim: Sigmund, wielding a scythe of slicing and wearing a robe You miscast Flame Tongue.
You are very lightly contaminated with residual magic.
Nothing appears to happen.
Sigmund closely misses you.
You now have 6/7 mp.
Casting: Flame Tongue (safe; 5% risk of failure)
Confirm with . or Enter, or press ? or * to list all spells.
Aiming: Flame Tongue (safe; 5% risk of failure)
Press: ? - help, Shift-Dir - straight line, f/p - Sigmund
Aim: Sigmund, wielding a scythe of slicing and wearing a robe You miscast Flame Tongue.
Nothing appears to happen.
You now have 5/7 mp.
Casting: Flame Tongue (safe; 5% risk of failure)
Confirm with . or Enter, or press ? or * to list all spells.
Aiming: Flame Tongue (safe; 5% risk of failure)
Press: ? - help, Shift-Dir - straight line, f/p - Sigmund
Aim: Sigmund, wielding a scythe of slicing and wearing a robe The flame tongue hits Sigmund.
Sigmund is lightly wounded.
Sigmund hits you from afar with a scythe of slicing!
You take 16 damage, and have 14/30 hp.
MASSIVE DAMAGE!!
You now have 4/7 mp.
Casting: Flame Tongue (safe; 5% risk of failure)
Confirm with . or Enter, or press ? or * to list all spells.
Aiming: Flame Tongue (safe; 5% risk of failure)
Press: ? - help, Shift-Dir - straight line, f/p - Sigmund
Aim: Sigmund, wielding a scythe of slicing and wearing a robe (lightly wounded)
The flame tongue hits Sigmund.
Sigmund is moderately wounded.
Sigmund closely misses you.
You now have 3/7 mp.
Casting: Flame Tongue (safe; 5% risk of failure)
Confirm with . or Enter, or press ? or * to list all spells.
Aiming: Flame Tongue (safe; 5% risk of failure)
Press: ? - help, Shift-Dir - straight line, f/p - Sigmund
Aim: Sigmund, wielding a scythe of slicing and wearing a robe (moderately wounded)
The flame tongue hits Sigmund.
Sigmund is heavily wounded.
You now have 2/7 mp.
Casting: Flame Tongue (safe; 5% risk of failure)
Confirm with . or Enter, or press ? or * to list all spells.
Aiming: Flame Tongue (safe; 5% risk of failure)
Press: ? - help, Shift-Dir - straight line, f/p - Sigmund
Aim: Sigmund, wielding a scythe of slicing and wearing a robe (heavily wounded)
The flame tongue hits Sigmund.
Sigmund is severely wounded.
Sigmund barely misses you.
You now have 1/7 mp.
Casting: Flame Tongue (safe; 5% risk of failure)
Confirm with . or Enter, or press ? or * to list all spells.
Aiming: Flame Tongue (safe; 5% risk of failure)
Press: ? - help, Shift-Dir - straight line, f/p - Sigmund
Aim: Sigmund, wielding a scythe of slicing and wearing a robe (severely wounded)
The flame tongue misses Sigmund.
Sigmund drinks a potion.
Sigmund is healed!
You now have 0/7 mp.
Casting: Flame Tongue (safe; 5% risk of failure)
Confirm with . or Enter, or press ? or * to list all spells.
You don't have enough magic to cast that spell.
Casting: Flame Tongue (safe; 5% risk of failure)
Confirm with . or Enter, or press ? or * to list all spells.
You don't have enough magic to cast that spell.
Casting: Flame Tongue (safe; 5% risk of failure)
Confirm with . or Enter, or press ? or * to list all spells.
You don't have enough magic to cast that spell.
Casting: Flame Tongue (safe; 5% risk of failure)
Confirm with . or Enter, or press ? or * to list all spells.
You don't have enough magic to cast that spell.
Sigmund barely misses you.
You hit Sigmund.
Sigmund is lightly wounded.
You hit Sigmund.
Sigmund is lightly wounded.
Sigmund hits you with a scythe of slicing.
* * * LOW HITPOINT WARNING * * *
x2 You take 6 damage, and have 9/30 hp.
You hit Sigmund.
Sigmund is moderately wounded.
Sigmund misses you.
You hit Sigmund.
Sigmund is moderately wounded.
Sigmund misses you.
You hit Sigmund.
Sigmund is heavily wounded.
Sigmund closely misses you.
You hit Sigmund.
Sigmund is heavily wounded.
Sigmund hits you with a scythe of slicing!
You die...

....... .......█.█.█
....... .........█.█
....... ....█......██
....... ......█.....█ .█
█...... ............██.█
.......██ █..........█.█
........█ █............█
........█████.............
........@@5...............
........███.███....█......
........█.....█...........
.......██.█.███.███.███...
....... █..⌂..█..██......█
.█████. ███.█.█...█████...
█. █.....█...<.█.>...
███.███.....█.....
█..██.....█.....


You could see Sigmund and a friendly quasit.

Vanquished Creatures
  A hound (D:2)
  3 adders
  An ooze (D:1)
  A worm (D:2)
  2 dart slugs
  A leopard gecko (D:1)
  A giant cockroach (D:1)
  4 goblins
  A quokka (D:2)
  2 bats
  2 frilled lizards
  A kobold (D:2)
  3 rats
23 creatures vanquished.

Notes
Turn   | Place    | Note
-------+----------+-------------------------------------------
     0 | D:1      | Goblin1989 the Demonspawn Fire Elementalist began the quest for the Orb.
     0 | D:1      | Reached XP level 1. HP: 13/13 MP: 3/3
   347 | D:1      | Gained mutation: You have a pair of small antennae on your head. [demonic ancestry]
   347 | D:1      | Reached XP level 2. HP: 19/19 MP: 3/5
   401 | D:1      | Reached skill level 3 in Fire Magic
   807 | D:2      | Gained mutation: A weak demonic guardian rushes to your aid. [demonic ancestry]
   807 | D:2      | Reached XP level 3. HP: 24/24 MP: 2/6
  1105 | D:2      | Found a glowing silver altar of Zin.
  1203 | D:2      | Found a burning altar of Makhleb.
  1207 | D:2      | Gained mutation: You are partially covered in slimy green scales. (AC +2) [demonic ancestry]
  1207 | D:2      | Reached XP level 4. HP: 27/30 MP: 3/7
  1257 | D:2      | Found a stormy altar of Qazlal.
  1384 | D:2      | Became a worshipper of Qazlal Stormbringer
  1847 | D:3      | Found an opulent altar of Gozag.
  1872 | D:3      | Noticed Sigmund
  1891 | D:3      | Slain by Sigmund

Skill      XL: |  1  2 |
---------------+-------+-----
Fire Magic     | 3 |  3.5
Conjurations   | 2 |  2.5
Axes           | |  0.7
Dodging        | |  1.7
Stealth        | |  1.7
Spellcasting   | |  2.5

Action                   |  1- 3 |  4- 6 || total
-------------------------+-------+-------++-------
Melee: Unarmed           |     9 |       ||     9
       Short sword       |     4 |       ||     4
       Hand axe          |       |    21 ||    21
 Cast: Flame Tongue      |    26 |    15 ||    41
  Eat: Chunk             |     1 |     2 ||     3
Armor: Robe              |     3 |     3 ||     6
Dodge: Dodged            |    18 |    26 ||    44

Vault maps used:
D:1:      dpeg_arrival_pond
D:2:      lemuel_crystal_altar, zin_statuary, kennysheep_donut,
          makhleb_heckhound_becter
D:3:      nicolae_gozag_cash_rules_everything_around_me, first_ration,
          uniq_sigmund, uniq_ijyb
